 Dungeon Sprint DCSS version 0.22-a0-580-gd5db89c (webtiles) character file.

3796 Kidiri the Eclecticist (level 9, -4/53 HPs)
             Began as a Deep Elf Fire Elementalist on July 3, 2018.
             Was the Champion of Vehumet.
             Killed from afar by a deep elf mage (28 damage)
             ... with a bolt of magma
             ... in the Dungeon (Sprint VII: "The Pits").
             The game lasted 00:10:06 (1362 turns).

Kidiri the Eclecticist (Deep Elf Fire Elementalist) Turns: 1362, Time: 00:10:07

Health: -4/53      AC:  6    Str:  5    XL:     9   Next: 96%
Magic:  4/30       EV: 18    Int: 29    God:    Vehumet [******]
Gold:   1          SH:  0    Dex: 18    Spells: 6/38 levels left

rFire    . . .     SeeInvis .   w - +2 rapier (protect)
rCold    . . .     Gourm    .   (no shield)
rNeg     . . .     Faith    .   a - +0 robe
rPois    .         Spirit   .   v - +0 helmet
rElec    .         Reflect  .   o - +0 cloak
rCorr    .         Harm     .   u - +0 pair of gloves
MR       +....     Clarity  +   (no boots) Stlth ++++......NoTele +
                                (no amulet)
HPRegen  0.17/turn              p - +3 ring of intelligence
MPRegen  0.22/turn              q - +3 ring of dexterity

@: no status effects
A: clarity, clever 1, magic resistance 1, wild magic 1
a: Renounce Religion


You were in the Dungeon.
You worshipped Vehumet.
Vehumet was exalted by your worship.
You were not hungry.

You visited 1 branch You collected 1 gold pieces.

Inventory:

Hand Weapons
 m - a +3 dagger of electrocution
 w - a +2 rapier of protection (weapon)
Armour
 a - a +0 robe (worn)
 o - a +0 cloak (worn)
 u - a +0 pair of gloves (worn)
 v - a +0 helmet (worn)
Jewellery
 p - a +3 ring of intelligence (left hand)
 q - a +3 ring of dexterity (right hand)
Wands
 i - a wand of digging (12)
Scrolls
 j - 3 scrolls of remove curse
 k - 5 scrolls of amnesia
 l - a scroll of summoning
Potions
 b - 2 potions of invisibility
 d - 8 potions of curing
 e - 9 potions of heal wounds
 f - a potion of haste
 g - 3 potions of magic
 h - 3 potions of berserk rage
 r - a potion of might
 s - a potion of resistance
 t - a potion of agility
Comestibles
 c - 9 rations
 n - 3 chunks of flesh


   Skills:
 + Level 4.8 Fighting
 + Level 5.7 Short Blades
 + Level 4.9 Armour
 + Level 7.6 Dodging
 + Level 8.1 Stealth
 * Level 15.2 Spellcasting
 + Level 9.3 Conjurations
 + Level 9.8 Fire Magic
 + Level 5.6 Ice Magic
 + Level 3.6 Air Magic
 + Level 3.4 Earth Magic
 + Level 5.5 Poison Magic


You had 6 spell levels left.
You knew the following spells:

 Your Spells              Type           Power        Failure   Level  Hunger
a - Flame Tongue          Conj/Fire      #####        1%          1    None
b - Throw Flame           Conj/Fire      ######       1%          2    None
c - Conjure Flame         Conj/Fire      #######.     1%          3    None
d - Inner Flame           Hex/Fire       ######..     1%          3    None
e - Ignite Poison         Fire/Tmut/Pois ######..     1%          3    None
f - Sticky Flame          Conj/Fire      #######.     1%          4    None
g - Fireball              Conj/Fire      #######...   1%          5    None
h - Throw Frost           Conj/Ice       ######       1%          2    None
i - Iron Shot             Conj/Erth      ######....   9%          6    ###....
j - Mephitic Cloud        Conj/Pois/Air  ######..     1%          3    None

Your spell library contained the following spells:

 Spells                   Type           Power        Failure   Level  Hunger


Dungeon Overview and Level Annotations

Branches:
Dungeon (1/1)

Altars:
Ashenzari
Cheibriados
Dithmenos
Elyvilon
Fedhas
Gozag
Hepliaklqana
Kikubaaqudgha
Makhleb
Nemelex Xobeh
Okawaru
Qazlal
Ru
Sif Muna
Trog
Uskayaw
Vehumet
Wu Jian
Xom
Yredelemnul
Zin
The Shining One
Beogh
Jiyva
Lugonu

Annotations:
D exclusion: 4 doors


Innate Abilities, Weirdness & Mutations

You possess an exceptional clarity of mind.
Your mind is acute. (Int +2)
You are resistant to hostile enchantments. (MR+)
Your spells are a little harder to cast, but a little more powerful.


Message History

Confirm with . or Enter, or press ? or * to list all spells.
Aiming: Inner Flame (safe; 1% risk of failure)
Press: ? - help, Shift-Dir - straight line, f - merfolk
Aim: a merfolk, wielding a trident (almost dead, chance to defeat MR: 88%)
The merfolk barely resists.
Casting: Inner Flame (safe; 1% risk of failure)
Confirm with . or Enter, or press ? or * to list all spells.
Okay, then.
Unknown command.
Unknown command.
Casting: Inner Flame (safe; 1% risk of failure)
Confirm with . or Enter, or press ? or * to list all spells.
Aiming: Inner Flame (safe; 1% risk of failure)
Press: ? - help, Shift-Dir - straight line, f - deep elf mage, p - merfolk
Aim: a deep elf mage, wielding a short sword and wearing a scale mail (chance to defeat MR: 88%)
The deep elf mage is filled with an inner flame.
The deep elf mage gestures at you while chanting.
The bolt of magma hits you!
Ouch! That really hurt!
You die...

......##..# #+# ..<...##..#
##.## ......##..# ##...##
......##..####.....# .##
......##...##.)....# ..#
########...)').....+ ..+
########...##.)....# ..#
.#..[.##..####.....##.##
.#...[##..##.##.@.##...##
.+..))##..##..##.##...S.#)..
.#...)##..###..#ยง#))..e.e..#
.#..))##..# ##..me){###.e.##
########### ######## ##


You could see a merfolk and a deep elf mage (inner flame).

Vanquished Creatures
  A deep elf mage (D)
  Maurice (D)
  A molten gargoyle (D)
  A tyrant leech (D)
  A guardian mummy (D)
  A hornet (D)
  A snapping turtle (D)
  A shadow (D)
  A wraith (D)
  A flying skull (D)
  A spriggan (D)
  2 wyverns (D)
  A steam dragon (D)
  2 floating eyes (D)
  A phantom (D)
  A centaur (D)
  A crocodile (D)
  2 big kobolds (D)
  3 wights (D)
  A quasit (D)
  A hound (D)
  A jelly (D)
  2 gnoll shamans (D)
  4 gnolls (D)
  An adder (D)
  A river rat (D)
  An ufetubus (D)
  A worm (D)
  2 leopard geckos (D)
  An orc (D)
  A bat (D)
  A bat skeleton (D)
  A bat zombie (D)
  A quokka (D)
44 creatures vanquished.

Notes
Turn   | Place    | Note
-------+----------+-------------------------------------------
     0 | D        | Kidiri the Deep Elf Fire Elementalist began the quest for the Orb.
     0 | D        | Reached XP level 1. HP: 10/10 MP: 6/6
    24 | D        | Noticed a floating eye
    26 | D        | Killed a floating eye
    26 | D        | Reached skill level 8 in Spellcasting
    26 | D        | Reached skill level 5 in Fire Magic
    26 | D        | Reached XP level 2. HP: 15/15 MP: 4/13
    26 | D        | Reached XP level 3. HP: 19/19 MP: 4/15
    26 | D        | Reached XP level 4. HP: 24/24 MP: 4/16
    30 | D        | Learned a level 2 spell: Throw Flame
    34 | D        | Learned a level 3 spell: Conjure Flame
    38 | D        | Learned a level 3 spell: Inner Flame
    43 | D        | Learned a level 4 spell: Sticky Flame
    76 | D        | Found a bloodstained altar of Trog.
    76 | D        | Found a deep blue altar of Sif Muna.
    76 | D        | Found a viscous altar of Jiyva.
    76 | D        | Found a hazy altar of Hepliaklqana.
    76 | D        | Found an opulent altar of Gozag.
    77 | D        | Found a glowing golden altar of the Shining One.
    77 | D        | Found a glowing silver altar of Zin.
    77 | D        | Found a basalt altar of Yredelemnul.
    77 | D        | Found a shimmering altar of Xom.
    77 | D        | Found an ornate altar of the Wu Jian Council.
    77 | D        | Found a sacrificial altar of Ru.
    77 | D        | Found a stormy altar of Qazlal.
    77 | D        | Found an iron altar of Okawaru.
    77 | D        | Found a sparkling altar of Nemelex Xobeh.
    77 | D        | Found a burning altar of Makhleb.
    77 | D        | Found a blossoming altar of Fedhas.
    77 | D        | Found a white marble altar of Elyvilon.
    77 | D        | Found a shadowy altar of Dithmenos.
    77 | D        | Found a snail-covered altar of Cheibriados.
    79 | D        | Found a radiant altar of Vehumet.
    79 | D        | Found a corrupted altar of Lugonu.
    79 | D        | Found a roughly hewn altar of Beogh.
    80 | D        | Found a hide-covered altar of Uskayaw.
    80 | D        | Found an ancient bone altar of Kikubaaqudgha.
    80 | D        | Found a shattered altar of Ashenzari.
    89 | D        | Became a worshipper of Vehumet
   159 | D        | Reached * piety under Vehumet
   159 | D        | Offered knowledge of Magic Dart by Vehumet.
   163 | D        | Reached skill level 9 in Spellcasting
   163 | D        | Reached skill level 5 in Conjurations
   211 | D        | Noticed a floating eye
   218 | D        | Reached ** piety under Vehumet
   223 | D        | Reached XP level 5. HP: 25/28 MP: 7/19
   226 | D        | Killed a floating eye
   226 | D        | Reached skill level 11 in Spellcasting
   257 | D        | Learned a level 5 spell: Fireball
   308 | D        | Noticed a centaur
   308 | D        | Noticed a phantom
   317 | D        | Killed a centaur
   317 | D        | Offered knowledge of Throw Frost by Vehumet.
   317 | D        | Reached skill level 1 in Fighting
   317 | D        | Reached skill level 1 in Short Blades
   317 | D        | Reached skill level 1 in Armour
   317 | D        | Reached XP level 6. HP: 30/34 MP: 15/22
   317 | D        | Reached *** piety under Vehumet
   330 | D        | Reached skill level 12 in Spellcasting
   340 | D        | Reached **** piety under Vehumet
   340 | D        | Reached XP level 7. HP: 30/40 MP: 4/24
   433 | D        | Learned a level 2 spell: Throw Frost
   444 | D        | Offered knowledge of Ignite Poison by Vehumet.
   450 | D        | Learned a level 3 spell: Ignite Poison
   517 | D        | Noticed a steam dragon
   520 | D        | Killed a steam dragon
   520 | D        | Offered knowledge of Iskenderun's Mystic Blast by Vehumet.
   520 | D        | Reached skill level 1 in Ice Magic
   520 | D        | Reached skill level 1 in Poison Magic
   566 | D        | Noticed a flying skull
   569 | D        | Reached skill level 5 in Stealth
   581 | D        | Reached ***** piety under Vehumet
   584 | D        | Killed a flying skull
   584 | D        | Reached skill level 5 in Dodging
   584 | D        | Reached skill level 13 in Spellcasting
   819 | D        | Noticed Maurice
   823 | D        | Offered knowledge of Mephitic Cloud by Vehumet.
   827 | D        | Killed Maurice
   827 | D        | Reached XP level 8. HP: 46/46 MP: 10/27
   867 | D        | Gained mutation: Your spells are a little harder to cast, but a little more powerful. [potion of mutation]
   867 | D        | Gained mutation: You are resistant to hostile enchantments. (MR+) [potion of mutation]
   867 | D        | Gained mutation: You possess an exceptional clarity of mind. [potion of mutation]
   867 | D        | Gained mutation: Your mind is acute. (Int +2) [potion of mutation]
   909 | D        | Learned a level 3 spell: Mephitic Cloud
   971 | D        | Offered knowledge of Iron Shot by Vehumet.
   977 | D        | Reached skill level 1 in Air Magic
  1047 | D        | Learned a level 6 spell: Iron Shot
  1047 | D        | Noticed a molten gargoyle
  1047 | D        | Noticed a tyrant leech
  1052 | D        | Killed a tyrant leech
  1052 | D        | Reached skill level 14 in Spellcasting
  1052 | D        | Reached skill level 1 in Earth Magic
  1052 | D        | Reached XP level 9. HP: 52/52 MP: 15/29
  1053 | D        | Offered knowledge of Irradiate by Vehumet.
  1053 | D        | Reached skill level 5 in Short Blades
  1059 | D        | Killed a molten gargoyle
  1107 | D        | Reached ****** piety under Vehumet
  1108 | D        | Noticed a guardian mummy
  1129 | D        | Reached skill level 5 in Ice Magic
  1144 | D        | Killed a guardian mummy
  1144 | D        | Reached skill level 5 in Poison Magic
  1285 | D        | Reached skill level 15 in Spellcasting
  1345 | D        | Noticed a deep elf mage
  1345 | D        | Noticed a deep elf mage
  1346 | D        | Noticed a merfolk
  1347 | D        | Killed a deep elf mage
  1347 | D        | Noticed a deep elf knight
  1349 | D        | Noticed a deep elf mage
  1350 | D        | Noticed an anaconda
  1353 | D        | Noticed a deep elf mage
  1362 | D        | Killed from afar by a deep elf mage

Vault maps used:
D:        pitsprint

Skill      XL: |  1  2  3  4  5  6  7  8  9 |
---------------+----------------------------+-----
Spellcasting   | 8 9 11 12 13 14 15 | 15.2
Conjurations   | 4 5 6 7 8 9 |  9.3
Fire Magic     | 5 6 7 8 9 |  9.8
Fighting       | 1 2 3 4 |  4.8
Short Blades   | 1 2 4 5 |  5.7
Armour         | 1 2 3 4 |  4.9
Dodging        | 3 4 5 6 7 |  7.6
Stealth        | 3 4 6 7 8 |  8.1
Ice Magic      | 3 4 5 |  5.6
Poison Magic   | 3 4 5 |  5.5
Air Magic      | 2 3 |  3.6
Earth Magic    | 1 3 |  3.4

Action                   |  1- 3 |  4- 6 |  7- 9 || total
-------------------------+-------+-------+-------++-------
 Cast: Flame Tongue      |     1 |    31 |    27 ||    59
       Throw Flame       |       |     2 |     1 ||     3
       Conjure Flame     |       |     4 |     7 ||    11
       Inner Flame       |       |     2 |     4 ||     6
       Sticky Flame      |       |       |     7 ||     7
       Fireball          |       |       |    12 ||    12
       Ignite Poison     |       |       |     2 ||     2
       Mephitic Cloud    |       |       |     1 ||     1
       Iron Shot         |       |       |     5 ||     5
  Use: Scroll            |       |       |     1 ||     1
       Potion            |       |       |     3 ||     3
  Eat: Chunk             |       |       |     2 ||     2
Armor: Robe              |       |     1 |     4 ||     5
Dodge: Dodged            |       |    15 |    13 ||    28

Table legend:
 A = Spawn XP
 B = Non-spawn XP
 C = Spawn XP percentage of total XP
 D = Spawn monster count
 E = Non-spawn monster count
 F = Spawn count percentage of total count
 G = Total turns spent on level
                    A         B        C        D         E        F      G
               +---------+---------+-------+---------+---------+-------+---------
         Total |       0 |    5423 |   0.0 |       0 |      44 |   0.0 |  1362
               +---------+---------+-------+---------+---------+-------+---------
             D |       0 |    5423 |   0.0 |       0 |      44 |   0.0 |  1362
               +---------+---------+-------+---------+---------+-------+---------
